 Dungeon Crawl Stone Soup version 0.28.0-45-g0d030f2227 (webtiles) character file.

Game seed: 6943506630224790390

41 Descartes the Grasshopper (level 3, -3/16 HPs)
             Began as a Felid Warper on Apr 7, 2022.
             Slain by an adder (5 damage)
             ... on level 3 of the Dungeon.
             The game lasted 00:04:15 (3283 turns).

Descartes the Grasshopper (Felid Warper)            Turns: 3283, Time: 00:04:16

Health: -3/16      AC:  1    Str:  9    XL:     3   Next: 32%
Magic:  7/7        EV: 18    Int: 14    God:
Gold:   151        SH:  0    Dex: 15    Spells: 4/6 levels left
                                        Lives:  0   Deaths: 1

rFire   . . .      SeeInvis +     - Unarmed
rCold   . . .      Faith    .   (shield unavailable)
rNeg    . . .      Spirit   .   (armour unavailable)
rPois   .          Reflect  .   (helmet unavailable)
rElec   .          Harm     .   (cloak unavailable)
rCorr   .          Rampage  .   (gloves unavailable)
Will    .....                   (boots unavailable)
Stlth   ++........              (no amulet)
HPRegen 0.05/turn               (no ring)
MPRegen 0.10/turn               (no ring)

@: quick
A: very small, claws 1, fangs 3, see invisible, speed 1, shaggy fur 1, stealthy
paws, no weapons or thrown items, no armour, multi-lived
a: no special abilities


You were on level 3 of the Dungeon.
You visited 1 branch of the dungeon, and saw 3 of its levels.

You collected 151 gold pieces.

Inventory:

Scrolls
 a - a scroll of blinking
 c - 2 scrolls of teleportation {unknown}
 d - a scroll of magic mapping {unknown}
 e - a scroll of fog {unknown}
Potions
 b - a potion of degeneration {unknown}
 f - a potion of might {unknown}
 g - a potion of haste {unknown}
 h - a potion of curing {unknown}


   Skills:
 - Level 2.0 Fighting
 + Level 4.1 Dodging
 + Level 2.7 Stealth
 + Level 2.9 Unarmed Combat
 - Level 2.0 Spellcasting
 + Level 5.3 Translocations


You had 4 spell levels left.
You knew the following spells:

 Your Spells              Type           Power      Damage    Failure   Level
a - Blink                 Tloc           32%        N/A       4%          2

Your spell library contained the following spells:

 Spells                   Type           Power      Damage    Failure   Level
 Gell's Gravitas          Tloc           16%        N/A       8%          3
 Lesser Beckoning         Tloc           16%        N/A       8%          3
 Teleport Other           Tloc           16%        N/A       8%          3
 Manifold Assault         Tloc           16%        N/A       58%         5


Dungeon Overview and Level Annotations

Branches:
Dungeon (3/15)

Altars:
Sif Muna
The Shining One

Shops:
D:1 *

Annotations:
D:3 2 transporters, H0rd4k's ghost, amateur DEWz


Innate Abilities, Weirdness & Mutations

You have sharp claws.
You have razor-sharp teeth.
You have supernaturally acute eyesight. (SInv)
You cover ground quickly. (Speed+)
You are covered in fur. (AC +1)
Your paws help you pounce on unaware monsters.
You are incapable of wielding weapons or throwing items.
You cannot wear armour.
You gain extra lives every three experience levels.


Message History

The adder poisons you!
You are too injured to fight recklessly!
You are too injured to fight recklessly!
You are too injured to fight recklessly!
You are too injured to fight recklessly!
You are too injured to fight recklessly!
You are too injured to fight recklessly!
You are too injured to fight recklessly!
You are too injured to fight recklessly!
You are too injured to fight recklessly!
You are too injured to fight recklessly!
You are too injured to fight recklessly!
You are too injured to fight recklessly!
You are too injured to fight recklessly!
You are too injured to fight recklessly!
You are too injured to fight recklessly!
You are too injured to fight recklessly!
You barely miss the adder.
The adder is lightly wounded.
You feel sick. The adder misses you.
You barely miss the adder.
You feel sick. The adder barely misses you.
You scratch the adder. You bite the adder.
The adder is severely wounded.
You feel sick. The adder completely misses you.
You scratch the adder but do no damage.
The adder is severely wounded.
You feel sick. The adder completely misses you. The adder closely misses you.
Unknown command.
You barely miss the adder.
The adder is severely wounded.
You feel sick. The adder closely misses you.
You closely miss the adder.
The adder is severely wounded.
You feel sick.
You are no longer poisoned.
The adder completely misses you.
You closely miss the adder.
The adder is severely wounded.
The adder bites you.
You die...

#.#........ #.#......## ..
#.#....... . #.#.....####
##. #.#.....'... ... .#
#.#K....##### ##.## #.
..K.......... ... .
#.########### #S# .# #S#
... #@####.# #†#..
.....#.##...#.#
....<......g........###.#
..#<####.........#..#.#.#.#
.......###########..#...#.#
....................#.#.#.#
...##.##................#.#
...# .##................#.#
...# ##................#.#


You could see an adder.

Vanquished Creatures
  3 adders (D:2)
  A worm (D:2)
  2 dart slugs
  9 ball pythons
  5 endoplasms
  3 goblins
  3 hobgoblins
  7 kobolds
  2 quokkas
  9 bats
  4 frilled lizards
  7 rats
55 creatures vanquished.

Notes
Turn   | Place    | Note
-------+----------+-------------------------------------------
     0 | D:1      | Descartes the Felid Warper began the quest for the Orb.
     0 | D:1      | Reached XP level 1. HP: 9/9 MP: 4/4
   218 | D:1      | Reached skill level 1 in Stealth
   230 | D:1      | Reached XP level 2. HP: 13/13 MP: 6/6
   447 | D:1      | Found Rorhaop's General Store.
   490 | D:1      | Learned a level 2 spell: Blink
   690 | D:1      | Found a faded altar of an unknown god.
   762 | D:1      | You fall into a shaft and drop 1 floor!
   774 | D:2      | Found a shimmering blue altar of Sif Muna.
   800 | D:2      | Reached XP level 3. HP: 16/16 MP: 7/7
  1016 | D:2      | Reached skill level 5 in Translocations
  1641 | D:1      | Prayed at the altar of an unknown god.
  1641 | D:1      | Became a worshipper of the Shining One
  1641 | D:1      | Reached * piety under the Shining One
  1660 | D:1      | The Shining One protects you from harm!
  1928 | D:1      | Fell from the grace of the Shining One
  2548 | D:2      | Reached XP level 4. HP: 8/19 MP: 8/8
  3130 | D:3      | Succumbed to an adder's poison
  3131 | D:3      | Reached XP level 3. HP: 0/16 MP: 7/7
  3166 | D:3      | Noticed a phantom
  3170 | D:3      | Noticed H0rd4k's ghost (amateur DEWz)
  3172 | D:3      | Found a transporter.
  3194 | D:3      | Found a transporter.
  3283 | D:3      | Slain by an adder

Illustrated notes

Levels and vault maps discovered:
D:1:      minmay_arrival_arboretum_small, layout_loops_ring, serial_forest,
          infiniplex_forest_lined_room_2, infiniplex_forest_3_way,
          infiniplex_forest_lined_corner, infiniplex_forest_lined_room_2,
          infiniplex_forest_straight_4, hellmonk_ecumenical_altar_crossroads,
          serial_shops, shop
D:2:      layout_basic, basic_altar
D:3:      layout_basic, mainiacjoe_overflow_small_starburst,
          gammafunk_ghost_arena

Skill      XL: |  1  2  3 |
---------------+----------+-----
Stealth        | 1 2 |  2.7
Translocations | 5 |  5.3
Dodging        | 4 |  4.1
Fighting       | |  2.0
Unarmed Combat | |  2.9
Spellcasting   | |  2.0

Action                   |  1- 3 |  4- 6 || total
-------------------------+-------+-------++-------
Melee: Unarmed           |   173 |    27 ||   200
       Bite              |    16 |       ||    16
       Punch             |     6 |       ||     6
Invok: Divine Shield     |     1 |       ||     1
       Renounce Religion |     1 |       ||     1
 Stab: Sleeping          |     7 |     2 ||     9
Armor: Skin              |    10 |     3 ||    13
Dodge: Dodged            |   158 |    23 ||   181
